Map: Catallena LE

Players

axu

  • Race: Protoss Protoss
  • League: Platinum
  • Spawn Location: 5:00

A.I. 1 (Elite)

  • Race: Zerg Zerg
  • Spawn Location: 12:00

VOD

Have the link to the VOD?

Description

Time

  • Played on: May 22, 2018, 8:35 a.m.
  • Length: 38:35
Show
View Real Time Build Order
Export as new Build Order

axu Protoss 

Build Orders: Blink Stalkers 

Get SALT Encoding   

    0:15  Protoss Air Weapons Level 3, Zerg Ground Armor Level 3, Terran Infantry Armor Level 3, Terran Ship Weapons Level 3, Zerg Flyer Weapons Level 3, Protoss Shields Level 3, Terran Vehicle Weapons Level 3, Terran Vehicle Armor Level 3, Zerg Missile Weapons Level 3, Zerg Melee Weapons Level 3, Terran Ship Armor Level 3, Zerg Flyer Armor Level 3, Protoss Air Armor Level 3, Terran Infantry Weapons Level 3, Protoss Ground Armor Level 3, Protoss Ground Weapons Level 3  
    0:36  Zerg Ground Armor Level 2, Terran Ship Armor Level 2, Zerg Flyer Weapons Level 2, Terran Infantry Armor Level 2, Terran Ship Weapons Level 2, Protoss Ground Armor Level 2, Terran Vehicle Weapons Level 2, Protoss Shields Level 2, Protoss Air Armor Level 2, Protoss Air Weapons Level 2, Zerg Melee Weapons Level 2, Terran Vehicle Armor Level 2, Protoss Ground Weapons Level 2, Zerg Missile Weapons Level 2, Terran Infantry Weapons Level 2, Zerg Flyer Armor Level 2  
    0:51  Stimpack, Blink  
    0:58  Zerg Missile Weapons Level 1, Warp Gate, Protoss Ground Weapons Level 1, Terran Infantry Armor Level 1, Terran Vehicle Weapons Level 1, Terran Ship Armor Level 1, Terran Ship Weapons Level 1, Terran Vehicle Armor Level 1, Zerg Flyer Weapons Level 1, Zerg Flyer Armor Level 1, Protoss Air Weapons Level 1, Protoss Ground Armor Level 1, Zerg Melee Weapons Level 1, Protoss Shields Level 1, Protoss Air Armor Level 1, Terran Infantry Weapons Level 1, Zerg Ground Armor Level 1  
    1:12  Charge, Resonating Glaives, Structure Armor, Extended Thermal Lance  
    1:19  Ventral Sacs, Adrenal Glands  
    1:25  Enduring Locusts  
    1:26  Personal Cloaking  
    1:33  Neosteel Frame, Metabolic Boost, Neural Parasite, Glial Reconstitution, Cloaking Field, Centrifical Hooks, Combat Shield, Durable Materials, Psionic Storm, Chitinous Plating, Corvid Reactor, Infernal Pre-Igniter, Tunneling Claws  
    1:41  Burrow, Muscular Augments x2  
    1:55  Caduceus Reactor, Behemoth Reactor, Graviton Catapult, Pathogen Glands, Gravitic Boosters, Hi-Sec Auto Tracking, Gravitic Drive, Moebius Reactor  
    2:09  Pneumatized Carapace, Concussive Shells, Weapon Refit  
    2:32  SCV x12  
    2:44  Unknown  
  12  2:52  Unknown x5  
    2:59  Probe x12  
    3:11  Unknown  
  12  3:13  Probe  
  13  3:26  Probe  
  14  3:32  Pylon  
  14  3:38  Probe  
  15  3:50  Probe  
  15  3:53  Gateway  
  16  4:01  Probe  
  16  4:06  Assimilator  
  16  4:09  Probe  
  18  4:17  Probe  
  19  4:30  Probe  
  20  4:43  Nexus  
  20  4:52  Cybernetics Core  
  20  4:59  Probe  
  21  5:02  Assimilator  
  21  5:11  Probe  
  22  5:19  Pylon  
  22  5:23  Probe  
  23  5:38  Adept  
  23  5:39  Warp Gate  
  25  5:48  Probe  
  26  5:56  Twilight Council  
  26  6:00  Probe x2  
  28  6:09  Robotics Facility  
  28  6:12  Probe  
  28  6:14  Probe  
  30  6:24  Probe  
  31  6:26  Probe  
  32  6:36  Probe  
  32  6:38  Probe  
  34  6:41  Assimilator  
  34  6:52  Probe  
  34  6:53  Dark Shrine, Probe  
  36  7:02  Gateway  
  36  7:04  Warp Prism, Probe  
  36  7:05  Probe  
  40  7:13  Gateway  
  40  7:14  Gateway  
  40  7:20  Probe x2  
  42  7:25  Pylon  
  42  7:33  Probe  
  42  7:34  Probe  
  44  8:13  Dark Templar x4  
  52  8:23  Warp Prism  
  54  8:31  Charge  
  54  8:42  Pylon  
  54  8:44  Pylon  
  54  8:47  Gateway x2  
  54  8:48  Gateway  
  54  8:53  Gateway  
  54  9:00  Probe x2  
  60  9:02  Immortal  
  60  9:12  Probe x2  
  62  9:47  Archon x2  
  62  9:56  Dark Templar x2  
  62  9:57  Dark Templar x2  
  70  10:02  Archon x2  
  70  10:29  Zealot x2  
  60  10:49  Assimilator  
  60  10:50  Pylon  
  60  10:51  Pylon  
  60  10:53  Pylon  
  60  10:54  Pylon  
  60  11:00  Dark Templar x4  
  60  11:01  Dark Templar  
  70  11:04  Archon  
  70  11:05  Archon  
  70  11:12  Zealot x3  
  72  11:41  Zealot x5  
  72  11:42  Zealot x3  
  76  12:04  Zealot  
  76  12:05  Zealot x5  
  76  12:06  Zealot x2  
  90  12:37  Zealot x3  
  90  12:38  Zealot x2  
  90  12:39  Zealot  
  102  13:05  Pylon  
  102  13:07  Pylon  
  102  13:08  Pylon  
  102  13:09  Pylon  
  102  13:10  Pylon  
  102  13:11  Forge  
  102  13:12  Pylon  
  102  13:14  Pylon  
  102  13:15  Forge  
  102  13:16  Pylon  
  102  13:23  Immortal  
  106  14:14  Dark Templar x5  
  106  14:15  Dark Templar x3  
  122  14:18  Archon x3  
  122  14:19  Archon  
  122  14:35  Immortal  
  122  14:45  Protoss Ground Weapons Level 1, Protoss Ground Armor Level 1  
  126  15:05  Stargate x2  
  126  15:07  Stargate  
  126  15:19  Nexus  
  126  15:22  Pylon  
  126  15:23  Pylon  
  126  15:25  Pylon  
  126  15:27  Pylon  
  126  15:31  Assimilator  
  126  15:33  Assimilator  
  126  16:00  Probe x2  
  128  16:12  Probe x2  
  130  16:25  Nexus  
  130  16:28  Pylon  
  130  16:29  Pylon  
  130  16:32  Pylon  
  130  16:35  Assimilator  
  130  16:40  Assimilator  
  130  16:45  Dark Templar x2  
  130  16:46  Dark Templar x5  
  144  16:49  Archon  
  144  16:52  Archon x2  
  144  17:01  Archon  
  144  17:05  Protoss Ground Weapons Level 2  
  144  17:09  Protoss Ground Armor Level 2  
  144  17:30  Fleet Beacon  
  144  18:02  Fleet Beacon  
  144  18:06  Templar Archives  
  144  18:29  Robotics Bay  
  144  18:49  High Templar  
  144  18:51  High Templar  
  144  18:52  High Templar  
  144  18:53  Sentry, High Templar  
  144  18:54  Sentry x2  
  158  19:02  Psionic Storm  
  158  19:19  Robotics Facility  
  158  19:21  Shield Battery  
  158  19:23  Shield Battery  
  158  19:24  Shield Battery  
  158  19:26  Shield Battery  
  158  19:29  Shield Battery  
  158  19:31  Photon Cannon  
  158  19:32  Photon Cannon  
  158  19:33  Shield Battery, Photon Cannon  
  158  19:35  Shield Battery  
  158  19:36  Shield Battery  
  158  19:37  Photon Cannon  
  158  19:39  Photon Cannon  
  158  19:41  Photon Cannon x2  
  158  19:43  Photon Cannon  
  158  19:45  Gravitic Boosters, Photon Cannon  
  158  19:46  Photon Cannon  
  158  19:55  Pylon  
  158  19:57  Observer  
  158  19:58  Pylon  
  171  20:10  Tempest x3  
  177  20:26  Resonating Glaives  
  177  20:29  Anion Pulse-Crystals  
  177  21:25  Sentry  
  177  21:26  Sentry x2  
  177  21:30  High Templar x3  
  189  21:58  Nexus  
  189  22:01  Pylon  
  189  22:02  Pylon  
  189  22:04  Pylon  
  189  22:07  Pylon  
  189  22:12  Assimilator  
  189  22:16  Assimilator  
  189  22:21  Pylon  
  189  22:23  Pylon  
  189  22:28  Gravitic Drive  
  189  22:32  Mothership  
  189  22:38  Protoss Ground Weapons Level 3  
  189  22:39  Observer  
  189  22:40  Protoss Shields Level 1, Observer  
  199  22:58  Cybernetics Core  
  199  23:04  Forge  
  199  23:15  Graviton Catapult  
  199  23:18  Shadow Stride  
  199  23:20  Blink  
  199  23:35  Shield Battery  
  199  23:37  Shield Battery  
  199  23:40  Shield Battery  
  199  23:42  Shield Battery  
  199  23:43  Photon Cannon  
  199  23:44  Protoss Air Weapons Level 1  
  199  23:45  Protoss Air Armor Level 1, Photon Cannon  
  199  23:47  Photon Cannon  
  199  23:48  Protoss Ground Armor Level 3  
  199  23:49  Photon Cannon  
  199  23:52  Photon Cannon  
  197  25:30  Protoss Air Weapons Level 3, Zerg Ground Armor Level 3, Terran Infantry Armor Level 3, Terran Ship Weapons Level 3, Zerg Flyer Weapons Level 3, Protoss Shields Level 3, Terran Vehicle Weapons Level 3, Terran Vehicle Armor Level 3, Zerg Missile Weapons Level 3, Zerg Melee Weapons Level 3, Terran Ship Armor Level 3, Zerg Flyer Armor Level 3, Protoss Air Armor Level 3, Terran Infantry Weapons Level 3, Protoss Ground Armor Level 3, Protoss Ground Weapons Level 3  
  197  25:51  Zerg Ground Armor Level 2, Terran Ship Armor Level 2, Zerg Flyer Weapons Level 2, Terran Infantry Armor Level 2, Terran Ship Weapons Level 2, Protoss Ground Armor Level 2, Terran Vehicle Weapons Level 2, Protoss Shields Level 2, Protoss Air Armor Level 2, Protoss Air Weapons Level 2, Zerg Melee Weapons Level 2, Terran Vehicle Armor Level 2, Protoss Ground Weapons Level 2, Zerg Missile Weapons Level 2, Terran Infantry Weapons Level 2, Zerg Flyer Armor Level 2  
  197  26:06  Stimpack, Blink  
  197  26:13  Zerg Missile Weapons Level 1, Warp Gate, Protoss Ground Weapons Level 1, Terran Infantry Armor Level 1, Terran Vehicle Weapons Level 1, Terran Ship Armor Level 1, Terran Ship Weapons Level 1, Terran Vehicle Armor Level 1, Zerg Flyer Weapons Level 1, Zerg Flyer Armor Level 1, Protoss Air Weapons Level 1, Protoss Ground Armor Level 1, Zerg Melee Weapons Level 1, Protoss Shields Level 1, Protoss Air Armor Level 1, Terran Infantry Weapons Level 1, Zerg Ground Armor Level 1  
  197  26:27  Charge, Resonating Glaives, Structure Armor, Extended Thermal Lance  
  197  26:34  Ventral Sacs, Adrenal Glands  
  197  26:40  Enduring Locusts  
  197  26:41  Personal Cloaking  
  197  26:48  Neosteel Frame, Metabolic Boost, Neural Parasite, Glial Reconstitution, Cloaking Field, Centrifical Hooks, Combat Shield, Durable Materials, Psionic Storm, Chitinous Plating, Corvid Reactor, Infernal Pre-Igniter, Tunneling Claws  
  197  26:56  Burrow, Muscular Augments x2  
  197  27:10  Caduceus Reactor, Behemoth Reactor, Graviton Catapult, Pathogen Glands, Gravitic Boosters, Hi-Sec Auto Tracking, Gravitic Drive, Moebius Reactor  
  197  27:24  Pneumatized Carapace, Concussive Shells, Weapon Refit  
  197  28:07  Unknown x5  
  197  28:10  Probe x12  
    28:22  Unknown  
    28:23  Probe  
  13  28:35  Probe  
  14  28:47  Probe  
  15  28:52  Pylon  
  15  29:10  Probe  
  15  29:12  Gateway  
  16  29:21  Probe  
  17  29:28  Assimilator  
  17  29:29  Probe  
  18  29:45  Probe  
  19  29:59  Probe  
  20  30:07  Nexus  
  20  30:10  Cybernetics Core  
  20  30:22  Probe  
  20  30:24  Assimilator  
  21  30:36  Pylon  
  21  30:39  Probe  
  22  30:51  Probe  
  22  30:56  Adept  
  25  30:57  Warp Gate  
  25  31:18  Probe, Twilight Council  
  25  31:23  Probe  
  27  31:30  Probe  
  28  31:35  Probe  
  28  31:38  Robotics Facility  
  29  31:42  Probe  
  30  31:47  Probe  
  31  31:58  Probe  
  31  31:59  Probe  
  33  32:10  Probe, Assimilator  
  33  32:11  Probe  
  35  32:21  Dark Shrine  
  35  32:22  Probe  
  36  32:23  Probe  
  36  32:29  Gateway  
  37  32:33  Warp Prism  
  39  32:39  Gateway x2  
  39  32:45  Probe x2  
  39  32:50  Pylon  
  41  32:57  Probe x2  
  43  33:04  Gateway  
  43  33:07  Shield Battery  
  43  33:43  Dark Templar x4  
  51  34:51  Dark Templar  
  53  35:01  Pylon  
  53  35:02  Pylon  
  53  35:04  Pylon  
  53  35:08  Pylon  
  53  35:11  Pylon  
  53  35:13  Pylon  
  53  35:15  Pylon  
  53  35:19  Pylon  
  53  35:21  Pylon  
  53  35:23  Pylon  
  53  35:24  Pylon  
  53  35:25  Pylon  
  53  35:27  Pylon  
  53  35:28  Dark Templar  
  53  35:29  Dark Templar x3  
  53  35:30  Pylon  
  53  35:33  Archon x2, Pylon  
  53  35:34  Pylon  
  61  35:35  Pylon  
  61  35:37  Pylon  
  61  35:40  Pylon  
  61  35:42  Pylon  
  61  35:43  Warp Prism  
  61  35:45  Pylon  
  61  35:46  Charge, Pylon  
  61  35:49  Pylon  
  63  35:51  Pylon  
  63  35:53  Pylon  
  63  35:56  Gateway, Pylon  
  63  35:58  Pylon, Gateway  
  63  36:01  Pylon  
  63  36:03  Pylon  
  63  36:04  Gateway  
  63  36:05  Pylon  
  63  36:06  Pylon, Gateway  
  63  36:16  Archon  
  63  36:17  Archon  
  63  36:19  Immortal  
  63  37:29  Stalker  
  65  37:31  Sentry  
  65  37:33  Adept, Zealot  
Show
View Real Time Build Order
Export as new Build Order

A.I. 1 (Elite) Zerg 

Build Orders: Hatch First 

Get SALT Encoding   

    0:15  Protoss Air Weapons Level 3, Zerg Ground Armor Level 3, Terran Infantry Armor Level 3, Terran Ship Weapons Level 3, Zerg Flyer Weapons Level 3, Protoss Shields Level 3, Terran Vehicle Weapons Level 3, Terran Vehicle Armor Level 3, Zerg Missile Weapons Level 3, Zerg Melee Weapons Level 3, Terran Ship Armor Level 3, Zerg Flyer Armor Level 3, Protoss Air Armor Level 3, Terran Infantry Weapons Level 3, Protoss Ground Armor Level 3, Protoss Ground Weapons Level 3  
    0:36  Zerg Ground Armor Level 2, Terran Ship Armor Level 2, Zerg Flyer Weapons Level 2, Terran Infantry Armor Level 2, Terran Ship Weapons Level 2, Protoss Ground Armor Level 2, Terran Vehicle Weapons Level 2, Protoss Shields Level 2, Protoss Air Armor Level 2, Protoss Air Weapons Level 2, Zerg Melee Weapons Level 2, Terran Vehicle Armor Level 2, Protoss Ground Weapons Level 2, Zerg Missile Weapons Level 2, Terran Infantry Weapons Level 2, Zerg Flyer Armor Level 2  
    0:51  Stimpack, Blink  
    0:58  Zerg Missile Weapons Level 1, Warp Gate, Protoss Ground Weapons Level 1, Terran Infantry Armor Level 1, Terran Vehicle Weapons Level 1, Terran Ship Armor Level 1, Terran Ship Weapons Level 1, Terran Vehicle Armor Level 1, Zerg Flyer Weapons Level 1, Zerg Flyer Armor Level 1, Protoss Air Weapons Level 1, Protoss Ground Armor Level 1, Zerg Melee Weapons Level 1, Protoss Shields Level 1, Protoss Air Armor Level 1, Terran Infantry Weapons Level 1, Zerg Ground Armor Level 1  
    1:12  Charge, Resonating Glaives, Structure Armor, Extended Thermal Lance  
    1:19  Ventral Sacs, Adrenal Glands  
    1:25  Enduring Locusts  
    1:26  Personal Cloaking  
    1:33  Neosteel Frame, Metabolic Boost, Neural Parasite, Glial Reconstitution, Cloaking Field, Centrifical Hooks, Combat Shield, Durable Materials, Psionic Storm, Chitinous Plating, Corvid Reactor, Infernal Pre-Igniter, Tunneling Claws  
    1:41  Burrow, Muscular Augments x2  
    1:55  Caduceus Reactor, Behemoth Reactor, Graviton Catapult, Pathogen Glands, Gravitic Boosters, Hi-Sec Auto Tracking, Gravitic Drive, Moebius Reactor  
    2:09  Pneumatized Carapace, Concussive Shells, Weapon Refit  
    2:26  Overlord  
    2:32  Drone x12  
    2:44  Unknown  
  13  2:52  Unknown x5  
  13  2:53  Overlord  
    2:59  Drone x12  
    3:11  Unknown  
  12  3:13  Drone  
  14  3:20  Drone  
  14  3:29  Overlord  
  14  3:48  Drone  
  14  3:49  Drone x2  
  17  4:10  Hatchery  
  17  4:11  Drone  
  17  4:30  Spawning Pool  
  16  4:31  Drone  
  16  4:35  Extractor  
  16  4:38  Drone  
  17  4:42  Drone  
  18  4:47  Drone  
  19  4:55  Overlord  
  19  5:03  Drone  
  20  5:19  Queen  
  20  5:20  Zergling x2  
  23  5:22  Drone  
  24  5:31  Queen  
  26  5:36  Drone  
  27  5:49  Roach Warren  
  26  5:51  Drone  
  26  5:55  Extractor  
  27  5:57  Drone  
  27  6:06  Overlord  
  27  6:10  Drone  
  27  6:14  Drone  
  27  6:18  Drone  
  29  6:22  Drone  
  30  6:26  Drone  
  31  6:52  Hatchery  
  30  7:15  Hatchery  
  29  7:16  Zergling x2  
  32  7:23  Roach  
  32  7:29  Roach  
  34  7:35  Roach  
  36  7:41  Roach  
  38  7:49  Overlord  
  38  8:01  Drone  
  38  8:05  Drone  
  40  8:15  Roach  
  42  8:21  Roach  
  44  8:27  Roach  
  44  8:33  Roach  
  48  8:45  Evolution Chamber  
  47  8:53  Drone  
  47  8:54  Ravager  
  49  9:00  Roach  
  52  9:03  Ravager  
  52  9:08  Roach  
  54  9:13  Zerg Ground Armor Level 1  
  54  9:14  Roach  
  56  9:20  Overlord  
  54  9:34  Roach  
  56  9:53  Spawning Pool  
  55  10:10  Evolution Chamber  
  55  10:11  Drone  
  55  10:18  Roach  
  53  10:36  Zerg Missile Weapons Level 1  
  53  10:41  Zergling x2, Queen  
  54  10:43  Zergling x2  
  54  10:46  Zergling x2  
  56  11:00  Overlord  
  56  11:07  Roach  
  58  11:41  Pneumatized Carapace  
  58  11:45  Zergling x2  
  57  11:49  Zergling x2  
  43  11:56  Queen  
  43  11:59  Roach  
  31  12:04  Roach  
  32  12:15  Zergling x4  
  31  12:20  Roach x2  
  34  12:22  Roach  
  27  12:31  Drone  
  10  12:51  Drone x3  
    25:30  Protoss Air Weapons Level 3, Zerg Ground Armor Level 3, Terran Infantry Armor Level 3, Terran Ship Weapons Level 3, Zerg Flyer Weapons Level 3, Protoss Shields Level 3, Terran Vehicle Weapons Level 3, Terran Vehicle Armor Level 3, Zerg Missile Weapons Level 3, Zerg Melee Weapons Level 3, Terran Ship Armor Level 3, Zerg Flyer Armor Level 3, Protoss Air Armor Level 3, Terran Infantry Weapons Level 3, Protoss Ground Armor Level 3, Protoss Ground Weapons Level 3  
    25:51  Zerg Ground Armor Level 2, Terran Ship Armor Level 2, Zerg Flyer Weapons Level 2, Terran Infantry Armor Level 2, Terran Ship Weapons Level 2, Protoss Ground Armor Level 2, Terran Vehicle Weapons Level 2, Protoss Shields Level 2, Protoss Air Armor Level 2, Protoss Air Weapons Level 2, Zerg Melee Weapons Level 2, Terran Vehicle Armor Level 2, Protoss Ground Weapons Level 2, Zerg Missile Weapons Level 2, Terran Infantry Weapons Level 2, Zerg Flyer Armor Level 2  
    26:06  Stimpack, Blink  
    26:13  Zerg Missile Weapons Level 1, Warp Gate, Protoss Ground Weapons Level 1, Terran Infantry Armor Level 1, Terran Vehicle Weapons Level 1, Terran Ship Armor Level 1, Terran Ship Weapons Level 1, Terran Vehicle Armor Level 1, Zerg Flyer Weapons Level 1, Zerg Flyer Armor Level 1, Protoss Air Weapons Level 1, Protoss Ground Armor Level 1, Zerg Melee Weapons Level 1, Protoss Shields Level 1, Protoss Air Armor Level 1, Terran Infantry Weapons Level 1, Zerg Ground Armor Level 1  
    26:27  Charge, Resonating Glaives, Structure Armor, Extended Thermal Lance  
    26:34  Ventral Sacs, Adrenal Glands  
    26:40  Enduring Locusts  
    26:41  Personal Cloaking  
    26:48  Neosteel Frame, Metabolic Boost, Neural Parasite, Glial Reconstitution, Cloaking Field, Centrifical Hooks, Combat Shield, Durable Materials, Psionic Storm, Chitinous Plating, Corvid Reactor, Infernal Pre-Igniter, Tunneling Claws  
    26:56  Burrow, Muscular Augments x2  
    27:10  Caduceus Reactor, Behemoth Reactor, Graviton Catapult, Pathogen Glands, Gravitic Boosters, Hi-Sec Auto Tracking, Gravitic Drive, Moebius Reactor  
    27:24  Pneumatized Carapace, Concussive Shells, Weapon Refit  
    28:04  Overlord  
    28:07  Unknown x5  
    28:10  Drone x12  
    28:22  Unknown  
    28:23  Drone  
  13  28:31  Drone  
  14  28:39  Overlord  
  14  28:58  Overlord, Drone x2  
  16  29:19  Spawning Pool  
  15  30:06  Queen  
  17  30:07  Zergling x4  
  19  31:07  Roach Warren  
  18  31:29  Zergling x2  
  18  31:38  Evolution Chamber  
  17  33:51  Hatchery  
  16  34:12  Drone  
  16  34:16  Drone  
  16  34:18  Drone  
  16  34:19  Drone  
  16  34:21  Drone  
  16  34:24  Drone  
  16  34:29  Drone  
  16  34:30  Drone  
  16  34:39  Queen  
  16  34:49  Zergling x2  
  16  35:01  Drone  
  16  35:22  Drone  
  16  35:26  Drone  
  16  35:29  Drone  
  16  35:33  Drone  
  16  35:35  Zergling x2  
  16  35:41  Drone  
  15  35:44  Drone x2, Zergling x2  
  12  35:58  Hatchery  
Tags
 
Composition
Blink Stalkers
League
Platinum
Matchup
PvZ
Spawn Locations
Cross Positions
Add a new tag
Caveats
  • Supply blocks, unpowered buildings, or Contaminate may cause inaccurate times.
  • Supply counts are checked every 10 seconds.